 Dungeon Crawl Stone Soup version 0.30-a0-719-gcc4359ea44 (console) character file.

Game seed: 5046920194272337407

20829 Ignak the Fighter (level 12, -3/122 HPs)
             Began as an Ogre Hedge Wizard on Jan 25, 2023.
             Was the Champion of Okawaru.
             Slain by a rust devil (10 damage)
             ... summoned by an obsidian statue
             ... in a Gauntlet on Jan 26, 2023.
             The game lasted 00:52:58 (12750 turns).

Ignak the Fighter (Ogre Hedge Wizard)              Turns: 12750, Time: 00:52:58

Health: -3/122     AC:  1    Str: 18    XL:     12   Next: 83%
Magic:  24/24      EV:  9    Int: 18    God:    Okawaru [******]
Gold:   678        SH:  0    Dex:  7    Spells: 16/27 levels left

rFire   . . .      SeeInvis .    N - +2 war axe (venom)
rCold   + . .      Faith    .    (no shield)
rNeg    . . .      Spirit   .    e - +2 swamp dragon scales "Cisae" {rElec rPois Int-3 Stlth+}
rPois   +          Reflect  .    U - +2 hat
rElec   +          Harm     .    P - +2 cloak
rCorr   .          Rampage  .    (gloves unavailable)
Will    +....      NoTele   +    (boots unavailable)
Stlth   ++                       l - amulet of regeneration
HPRegen 1.20/turn                u - ring of protection from cold
MPRegen 0.19/turn                f - ring of wizardry

@: corroded, invisible
A: large, unfitting armour, tough skin 1, hooves 1, clever 1
a: Renounce Religion, Heroism, Finesse, Duel


You were in a Gauntlet.
You worshipped Okawaru.
Okawaru was exalted by your worship.
You visited 4 branches of the dungeon, and saw 15 of its levels.
You also visited: Gauntlet.

You collected 1998 gold pieces.
You spent 1320 gold pieces at shops.

Inventory:

Hand Weapons
 a - a +3 eveningstar of protection
 b - a +1 flail of holy wrath
 i - a +0 giant spiked club
 x - the +3 war axe of Zaadu {protect, rF+ rCorr Int+2}
   (You bought it in a shop on level 2 of the Orcish Mines)

   Int:       It affects your intelligence (+2).
   rF:        It protects you from fire.
   rCorr:     It protects you from acid and corrosion.
 I - a +3 vampiric war axe
 N - a +2 war axe of venom (weapon)
 S - the +5 hand axe of Lust {freeze, rElec Will+}
   (Okawaru gifted it to you on level 10 of the Dungeon)

   rElec:     It insulates you from electricity.
   Will:      It increases your willpower.
Missiles
 j - 15 poisoned darts
 p - 5 large rocks (quivered)
 B - 2 throwing nets
Armour
 e - the +2 swamp dragon scales "Cisae" (worn) {rElec rPois Int-3 Stlth+}
   (You acquired it on level 3 of the Dungeon)

   Int:       It affects your intelligence (-3).
   rElec:     It insulates you from electricity.
   rPois:     It protects you from poison.
   Stlth:     It makes you more stealthy.
 t - a +0 troll leather armour
 D - a +0 kite shield
 H - +0 steam dragon scales
 J - a +0 robe of the Archmagi
 L - the +0 robe of the Butcher {rElec rN+ SInv}
   (You found it on level 9 of the Dungeon)

   rElec:     It insulates you from electricity.
   rN:        It protects you from negative energy.
   SInv:      It lets you see invisible.
 O - a +1 robe of cold resistance
 P - a +2 cloak (worn)
 U - a +2 hat (worn)
Jewellery
 f - a ring of wizardry (right hand)
 l - an amulet of regeneration (around neck)
 u - a ring of protection from cold (left hand)
 w - a ring of positive energy
 z - a ring of fire
 A - a ring of protection from fire
 F - a ring of wizardry
 K - a ring of positive energy
 V - the ring "Weokhlari" {rElec MP+9}
   (You found it in a Gauntlet)

   [ring of magical power]

   rElec:     It insulates you from electricity.
   MP:        It affects your magic capacity (+9).
Wands
 q - a wand of polymorph (18)
 r - a wand of roots (14)
 G - a wand of digging (8)
 T - a wand of flame (9)
Scrolls
 g - 2 scrolls of teleportation
 h - 2 scrolls of fog
 y - 2 scrolls of fear
 Q - a scroll of enchant weapon
Potions
 c - 2 potions of haste
 d - a potion of magic
 k - 6 potions of curing
 m - a potion of lignification {unknown}
 n - a potion of ambrosia
 o - a potion of cancellation {unknown}
 v - 2 potions of mutation
 C - 2 potions of might
 E - 2 potions of berserk rage {unknown}
 M - a potion of flight {unknown}
 R - a potion of resistance {unknown}


   Skills:
 + Level 8.6 Fighting
 * Level 6.6(7.6) Axes
 - Level 5.1(6.4) Maces & Flails
 - Level 7.0 Armour
 + Level 6.3 Dodging
 - Level 3.0 Stealth
 * Level 7.9 Shields
 - Level 1.0 Unarmed Combat
 + Level 8.1 Spellcasting
 - Level 3.0 Conjurations
 - Level 1.0 Summonings
 - Level 3.0 Translocations
 - Level 4.4 Ice Magic
 - Level 2.0 Air Magic
 - Level 2.0 Poison Magic
 + Level 5.7 Invocations


You had 16 spell levels left.
You knew the following spells:

 Your Spells              Type           Power      Damage    Failure   Level
a - Magic Dart            Conj           72%        1d6       1%          1
b - Blink                 Tloc           36%        N/A       2%          2
d - Mephitic Cloud        Conj/Pois/Air  15%        N/A       8%          3
t - Passwall              Tmut/Erth      5%         N/A       10%         2
z - Ozocubu's Armour      Ice            23%        N/A       3%          3

Your spell library contained the following spells:

 Spells                   Type           Power      Damage    Failure   Level
 Kiss of Death            Conj/Necr      48%        2d9       3%          1
 Sandblast                Erth           14%        2d6       6%          1
 Slow                     Hex            28%        N/A       6%          1
 Cigotuvi's Dreadful Rot  Necr/Pois/Air  24%        N/A       6%          2
 Stone Arrow              Conj/Erth      24%        3d8       11%         3
 Confusing Touch          Hex            7%         N/A       19%         3
 Dispel Undead            Necr           7%         3d8       50%         4
 Leda's Liquefaction      Hex/Erth       3%         N/A       50%         4
 Lee's Rapid Deconstruct  Erth           3%         3d5*      83%         5
 Statue Form              Tmut/Erth      4%         N/A       100%        6
 Ozocubu's Refrigeration  Ice            11%        4d10      100%        7
 Call Imp                 Summ           Unusable   N/A       N/A         2

Dungeon Overview and Level Annotations

Branches:
Dungeon (11/15)            Temple (1/1) D:5            Lair (1/5) D:10
    Orc (2/2) D:9             Elf (0/3) Orc:2       Gauntlet (1/1)

Altars:
Ashenzari
Cheibriados
Dithmenos
Elyvilon
Gozag
Hepliaklqana
Kikubaaqudgha
Makhleb
Nemelex Xobeh
Okawaru
Qazlal
Ru
Sif Muna
Trog
Uskayaw
Wu Jian
Xom
Yredelemnul
Zin
The Shining One

Shops:
D:6 [[*=!   Orc:1 (   Orc:2 ([[[

Annotations:
D:3 1 runed translucent door, Ignak's ghost, amateur OgHW
Temple 2 transporters Gauntlet 8 transporters, 21 runed translucent doors, exclusion: 2 obsidian statues


Innate Abilities, Weirdness & Mutations

You are too large for most types of armour.
You have tough skin. (AC +1)
You have large cloven feet.
Your mind is acute. (Int +4, Str/Dex -1)


Message History

Your kick misses the sixfirhy.
The sixfirhy is moderately wounded.
You catch the helpless white imp completely off-guard!
You hit the white imp.
You hit the rust devil but do no damage.
The sixfirhy closely misses you. The rust devil hits you!
The rust devil corrodes you! The white imp gestures at you.
The puff of frost misses you.
You completely miss the rust devil.
You kick the rust devil, but do no damage.
The rust devil is lightly wounded.
You hit the white imp. You closely miss the sixfirhy.
The white imp hits you but does no damage.
The rust devil barely misses you.
You hit the rust devil.
You kick the rust devil, but do no damage.
The rust devil is lightly wounded.
You hit the sixfirhy.
The sixfirhy looks as sick as possible!
You catch the helpless white imp completely off-guard!
You hit the white imp but do no damage. The sixfirhy hits you!
The sixfirhy shocks you. You resist. The sixfirhy hits you.
* * * LOW HITPOINT WARNING * * *
The sixfirhy shocks you. You resist.
* * * LOW HITPOINT WARNING * * *
The rust devil hits you!
* * * LOW HITPOINT WARNING * * *
The rust devil corrodes you! The white imp gestures at you.
The puff of frost misses you. The sixfirhy barely misses you.
The sixfirhy hits you!
* * * LOW HITPOINT WARNING * * *
The sixfirhy shocks you. You resist.
* * * LOW HITPOINT WARNING * * *
The sixfirhy barely misses you. The sixfirhy hits you.
* * * LOW HITPOINT WARNING * * *
The sixfirhy shocks you. You resist.
* * * LOW HITPOINT WARNING * * *
The rust devil hits you!
You die...

###..#...#©#^..#...###©##.
#8#..#...^#^...#...###☼##h
###..#..^#.#...#...#.E#..#
#..#.^#...#..#...##R##.#
###..#^#..8..#.#...#####.#
#8#..##..)4.$.##...#..[!©|
###..###########...#######
#.....#.3.#....≈....#.©.
###...8.#54@#...≈8≈...#...
#8#.....#.©.#....≈....#.©.
###..###########...#######
#..#..+.©.+..#...#......
###..#..+...+..#...#.#... ##
#8#..#++#+#+#++#...#...### .
###..#..+...+..#...#.#.#...#
#..#..+...+..#...#.#..©###
###..#++#...#++#...#...###..


You could see an obsidian statue, 2 rust devils, a sixfirhy (summoned, unable to
see you, extremely poisoned) and a white imp (summoned, unable to see you).

Vanquished Creatures
  Gastronok (D:10)
  An orc warlord (Orc:2)
  2 two-headed ogres
  2 orc high priests (Orc:2)
  The ghost of Regoshi the Fighter, a novice VSBr of Uskayaw (D:7)
  3 orc knights
  4 orc sorcerers
  An ugly thing (D:11)
  A cyclops (Orc:2)
  An eye of devastation (Gauntlet)
  Maggie (D:8)
  5 trolls
  A hornet (D:10)
  A wyvern (D:9)
  A wraith (D:7)
  13 yaks (D:10)
  Eustachio (D:5)
  4 vampire mosquitoes
  A steam dragon (D:7)
  A warg (Orc:2)
  2 water moccasins
  An acid dragon (D:5)
  A swamp drake (D:9)
  2 black bears (D:5)
  7 ice beasts
  A sky beast (D:6)
  31 orc warriors
  3 ogres
  A centaur (D:10)
  2 bullfrogs (D:10)
  A kobold brigand (D:9)
  3 gnoll sergeants
  7 scorpions
  4 killer bees (D:9)
  An electric eel (D:6)
  18 orc priests
  3 hounds
  A water moccasin simulacrum (D:7)
  A jelly (D:6)
  3 gnoll boudas
  5 iguanas
  26 orc wizards
  Ijyb (D:5)
  A centaur simulacrum (D:7)
  A killer bee simulacrum (D:7)
  30 gnolls
  4 adders
  A shadow imp (D:6)
  4 white imps
  3 dart slugs
  92 orcs
  4 endoplasms
  2 giant cockroaches
  3 goblins
  3 hobgoblins
  A jackal (D:2)
  4 quokkas
  5 ball pythons
  5 bats
  4 frilled lizards
  9 kobolds
  2 rats (D:3)
349 creatures vanquished.

Vanquished Creatures (collateral kills)
  An ogre (D:4)
  A worm (D:2)
  2 orcs
  2 endoplasms
  A goblin (D:3)
  A jackal (D:2)
  2 kobolds
  2 frilled lizards (D:3)
  A rat (D:3)
13 creatures vanquished.

Vanquished Creatures (others)
  6 orc wizards
  16 fungi (D:10)
  14 plants
36 creatures vanquished.

Grand Total: 398 creatures vanquished

Notes
Turn   | Place    | Note
-------+----------+-------------------------------------------
     0 | D:1      | Ignak the Ogre Hedge Wizard began the quest for the Orb.
     0 | D:1      | Reached XP level 1. HP: 16/16 MP: 5/5
    22 | D:1      | Upgraded the game from 0.30-a0-718-geaa24f58ff to
                  | 0.30-a0-719-gcc4359ea44
   215 | D:1      | Reached skill level 1 in Conjurations
   215 | D:1      | Reached skill level 1 in Summonings
   215 | D:1      | Reached skill level 1 in Translocations
   226 | D:1      | Reached XP level 2. HP: 13/26 MP: 6/6
   233 | D:1      | Learned a level 2 spell: Blink
   236 | D:1      | Learned a level 2 spell: Call Imp
   830 | D:2      | Reached skill level 1 in Fighting
   830 | D:2      | Reached XP level 3. HP: 33/33 MP: 8/8
  1074 | D:2      | HP: 1/33 [worm (8)]
  1692 | D:3      | Learned a level 3 spell: Mephitic Cloud
  1854 | D:3      | Identified the +0 trident of Chagrin {speed, rF+ rN++ Int+2
                  | Dex+2}
  1873 | D:3      | Found a faded altar of an unknown god.
  2005 | D:3      | Found a runed translucent door.
  2015 | D:3      | Reached XP level 4. HP: 36/41 MP: 6/9
  2034 | D:3      | Noticed Ignak's ghost (amateur OgHW)
  2091 | D:3      | Identified 2 scrolls of acquirement
  2091 | D:3      | Acquired 910 gold pieces
  2094 | D:3      | Acquired the +2 swamp dragon scales "Cisae" {rElec rPois
                  | Int-3 Stlth+}
  2173 | D:4      | Found a shimmering altar of Xom.
  2179 | D:4      | Noticed a scorpion
  2200 | D:4      | Killed a scorpion
  2201 | D:4      | Reached skill level 1 in Armour
  2201 | D:4      | Reached skill level 1 in Unarmed Combat
  2201 | D:4      | Reached XP level 5. HP: 27/49 MP: 8/11
  2291 | D:4      | Noticed an ogre
  2303 | D:4      | Killed an ogre
  2304 | D:4      | Reached skill level 1 in Axes
  2304 | D:4      | Reached skill level 1 in Air Magic
  2304 | D:4      | Reached XP level 6. HP: 57/57 MP: 10/12
  2549 | D:4      | Reached skill level 1 in Poison Magic
  2549 | D:4      | Found a snail-covered altar of Cheibriados.
  3066 | D:5      | Entered Level 5 of the Dungeon
  3068 | D:5      | Noticed Eustachio
  3089 | D:5      | Killed Eustachio
  3090 | D:5      | Reached XP level 7. HP: 62/66 MP: 13/13
  3138 | D:5      | Found a staircase to the Ecumenical Temple.
  3660 | D:5      | Reached XP level 8. HP: 75/75 MP: 13/15
  3728 | Temple   | Entered the Ecumenical Temple
  3728 | Temple   | Found a transporter.
  3728 | Temple   | Found a transporter.
  3730 | Temple   | Found a transporter.
  3730 | Temple   | Found a transporter.
  3741 | Temple   | Became a worshipper of Warmaster Okawaru
  3768 | D:5      | Learned a level 3 spell: Ozocubu's Armour
  3831 | D:5      | Found a broken altar of Ashenzari.
  4038 | D:6      | Found Zuck's Jewellery Shop.
  4074 | D:5      | Reached skill level 1 in Maces & Flails
  4096 | D:6      | Bought a ring of wizardry for 330 gold pieces
  4134 | D:6      | Found Seoseita's Distillery.
  4203 | D:6      | Bought a potion of heal wounds for 70 gold pieces
  4266 | D:6      | Found a shimmering blue altar of Sif Muna.
  4297 | D:6      | Reached skill level 5 in Spellcasting
  4297 | D:6      | Reached skill level 1 in Ice Magic
  4349 | D:6      | Reached * piety under Okawaru
  4367 | D:6      | Found Cicias's General Store.
  4382 | D:6      | Bought a scroll of acquirement for 520 gold pieces
  4383 | D:6      | Acquired a +2 eveningstar of protection
  4440 | D:6      | Found Zuythe's Armour Shop.
  4620 | D:6      | Found Weigg's Antique Armour Boutique.
  4730 | D:7      | Found an ornate altar of the Wu Jian Council.
  4748 | D:7      | Found a runed translucent gate.
  4750 | D:7      | Found a runed translucent gate.
  4751 | D:7      | Found a runed translucent gate.
  5002 | D:7      | Noticed Regoshi's ghost (novice VSBr)
  5073 | D:7      | Reached XP level 9. HP: 84/84 MP: 16/16
  5681 | D:7      | Reached ** piety under Okawaru
  5682 | D:7      | Reached skill level 1 in Shields
  6040 | D:5      | Noticed Ijyb
  6043 | D:5      | Paralysed by Ijyb for 5 turns
  6058 | D:5      | Killed Ijyb
  6203 | D:7      | Reached skill level 5 in Fighting
  6239 | D:7      | Killed Regoshi's ghost
  6240 | D:7      | Reached skill level 1 in Invocations
  6319 | D:7      | Reached XP level 10. HP: 93/96 MP: 18/18
  6360 | D:8      | Reached *** piety under Okawaru
  6401 | D:8      | Noticed a two-headed ogre
  6415 | D:8      | Killed a two-headed ogre
  6426 | D:8      | Reached skill level 5 in Armour
  6646 | D:8      | Noticed Maggie
  6657 | D:8      | Killed Maggie
  7211 | D:9      | Reached **** piety under Okawaru
  7536 | D:9      | Identified the +0 robe of the Butcher {rElec rN+ SInv}
  7718 | D:9      | Learned a level 2 spell: Passwall
  7771 | D:9      | Reached skill level 5 in Maces & Flails
  7813 | D:9      | Found a staircase to the Orcish Mines.
  7956 | Orc:1    | Entered Level 1 of the Orcish Mines
  8204 | Orc:1    | Reached XP level 11. HP: 53/104 MP: 20/20
  8415 | Orc:2    | Entered Level 2 of the Orcish Mines
  8417 | Orc:2    | Noticed an orc sorcerer
  8436 | Orc:1    | Killed an orc sorcerer
  8437 | Orc:1    | Reached skill level 5 in Dodging
  8437 | Orc:1    | Reached skill level 5 in Shields
  8487 | Orc:1    | Noticed an orc knight
  8503 | Orc:1    | Killed an orc knight
  8503 | Orc:1    | Reached ***** piety under Okawaru
  8901 | Orc:1    | Found Gacsaw's Weapon Emporium.
  9125 | Orc:2    | Found Bicoikke's Armour Shop.
  9440 | Orc:2    | Noticed an orc sorcerer
  9441 | Orc:2    | Noticed an orc warlord
  9516 | Orc:2    | HP: 4/107 [orc warlord/bolt (21)]
  9609 | Orc:2    | Noticed an orc sorcerer
  9609 | Orc:2    | Noticed an orc knight
  9662 | Orc:1    | Killed an orc sorcerer
  9717 | Orc:1    | Killed an orc knight
  9984 | Orc:2    | Killed an orc warlord
  9984 | Orc:2    | Identified the +6 longbow "Earthworm" {heavy, Str+2}
                  | (Okawaru gifted it to you on level 2 of the Orcish Mines)
  9984 | Orc:2    | Received a gift from Okawaru
 10059 | Orc:2    | Paralysed by an orc sorcerer for 4 turns
 10074 | Orc:2    | Killed an orc sorcerer
 10187 | Orc:2    | Noticed an orc sorcerer
 10194 | Orc:2    | Noticed an orc high priest
 10200 | Orc:2    | Killed an orc sorcerer
 10206 | Orc:2    | Found Xyedac's Antique Armour Shoppe.
 10211 | Orc:2    | HP: 1/109 [ice devil[an orc high priest] (6)]
 10216 | Orc:2    | Found a staircase to the Elven Halls.
 10249 | Orc:2    | HP: 2/109 [orc priest/divine providence (13)]
 10418 | Orc:2    | Noticed an orc high priest
 10419 | Orc:2    | Noticed a sun demon
 10419 | Orc:2    | Noticed a sixfirhy
 10498 | Orc:2    | Reached XP level 12. HP: 83/118 MP: 14/23
 10642 | Orc:2    | Killed an orc high priest
 10712 | Orc:2    | Reached skill level 5 in Axes
 10788 | Orc:2    | Found Nabeapn's Armour Boutique.
 11021 | Orc:2    | Found Ruqaffes's Antique Weapon Emporium.
 11033 | Orc:2    | Killed an orc high priest
 11037 | Orc:2    | Bought a scorched war axe for 229 gold pieces
 11037 | Orc:2    | Identified the +3 war axe of Zaadu {protect, rF+ rCorr
                  | Int+2} (You bought it in a shop on level 2 of the Orcish
                  | Mines)
 11043 | Orc:2    | Bought a cloak for 171 gold pieces
 11324 | D:10     | Entered Level 10 of the Dungeon
 11361 | D:10     | Paralysed by a hornet for 2 turns
 11413 | D:10     | Reached skill level 5 in Invocations
 11571 | D:10     | Noticed a two-headed ogre
 11574 | D:10     | HP: 5/119 [two-headed ogre/+0 giant spiked club (23)]
 11676 | D:10     | Killed a two-headed ogre
 11705 | D:9      | Reached ****** piety under Okawaru
 11787 | D:10     | Identified the +5 hand axe of Lust {freeze, rElec Will+}
                  | (Okawaru gifted it to you on level 10 of the Dungeon)
 11787 | D:10     | Received a gift from Okawaru
 11946 | D:10     | Found a staircase to the Lair.
 12074 | D:10     | Noticed Gastronok
 12094 | D:10     | Killed Gastronok
 12350 | Lair:1   | Entered Level 1 of the Lair of Beasts
 12386 | Lair:1   | Found a gate leading to a gauntlet.
 12395 | Gauntlet | Entered a Gauntlet
 12395 | Gauntlet | Found a transporter.
 12395 | Gauntlet | Found a transporter.
 12395 | Gauntlet | Found a transporter.
 12396 | Gauntlet | Gained mutation: You have large cloven feet. [potion of
                  | mutation]
 12396 | Gauntlet | Gained mutation: Your mind is acute. (Int +4, Str/Dex -1)
                  | [potion of mutation]
 12399 | Gauntlet | Found a transporter.
 12402 | Gauntlet | Found a transporter.
 12405 | Gauntlet | Found a transporter.
 12420 | Gauntlet | Found a transporter.
 12424 | Gauntlet | Found a transporter.
 12426 | Gauntlet | Found a transporter.
 12428 | Gauntlet | Found a transporter.
 12428 | Gauntlet | Found a large runed translucent door.
 12431 | Gauntlet | Found a large runed translucent door.
 12432 | Gauntlet | Found a large runed translucent door.
 12432 | Gauntlet | Found a large runed translucent door.
 12432 | Gauntlet | Found a runed translucent door.
 12432 | Gauntlet | Found a runed translucent door.
 12433 | Gauntlet | Found a large runed translucent door.
 12433 | Gauntlet | Found a large runed translucent door.
 12433 | Gauntlet | Found a large runed translucent door.
 12433 | Gauntlet | Found a large runed translucent door.
 12434 | Gauntlet | Found a large runed translucent door.
 12434 | Gauntlet | Found a large runed translucent door.
 12434 | Gauntlet | Found a large runed translucent door.
 12435 | Gauntlet | Found a large runed translucent door.
 12435 | Gauntlet | Found a large runed translucent door.
 12437 | Gauntlet | Found a runed translucent gate.
 12437 | Gauntlet | Found a runed translucent gate.
 12439 | Gauntlet | Found a transporter.
 12439 | Gauntlet | Found a transporter.
 12443 | Gauntlet | Found a runed translucent gate.
 12479 | Gauntlet | Found a large runed translucent door.
 12480 | Gauntlet | Found a large runed translucent door.
 12491 | Gauntlet | Found a large runed translucent door.
 12737 | Gauntlet | Identified the ring "Weokhlari" {rElec MP+9}
 12750 | Gauntlet | Slain by a rust devil

Illustrated notes

Levels and vault maps discovered:
D:1:      dpeg_arrival_court, layout_basic
D:2:      layout_basic
D:3:      layout_rooms, ebering_ghost_reflecting_pool,
          hellmonk_ecumenical_altar_inner_sanctum, minmay_bisected
D:4:      layout_loops_ring, mainiacjoe_overflow_concentric_impassable,
          kennysheep_slug_shrine, grunt_decor_clamped,
          chequers_serial_rivers_micro_e
D:5:      layout_loops_ring, lemuel_crystal_altar, minmay_temple_entry_mist,
          uniq_eustachio, uniq_ijyb
D:6:      layout_rooms, general_overflow_altar, serial_shops, kennysheep_mini,
          nicolae_shop_window_shopping, nicolae_shop_waterfront,
          nicolae_square_shop, nicolae_inconvenience_store,
          kennysheep_another_room, hangedman_glass_teeth
D:7:      layout_cave_pods, lemuel_round_altar, gammafunk_ghost_icy
D:8:      layout_loops_ring, serial_park_tiny_1, uniq_maggie
D:9:      layout_roguey, erik_orc_1
D:10:     layout_gridville, grunt_lair_entry_orc_guard_hut, uniq_gastronok
D:11:     layout_long_grid
Temple:   hellmonk_temple_divided_pantheon
Lair:1:   beast_lair_carwin_large_1, layout_cave_pods, gauntlet_entry_generic,
          chequers_serial_rivers_micro_a
Orc:1:    layout_diamond_mine, serial_shops, nicolae_shop_bloodbath_and_beyond
Orc:2:    grunt_orc_community_town_hall, layout_caves,
          grunt_orc_community_big_house_1, grunt_orc_community_big_house_2,
          grunt_orc_community_house_1, grunt_orc_community_house_1,
          grunt_orc_community_house_3, grunt_orc_community_house_1, basic_altar,
          minmay_orc_barracks
Gauntlet: gammafunk_gauntlet_hard_choice [nicolae_gauntlet_arena_t_cross,
          nicolae_gauntlet_arena_quarters, gammafunk_gauntlet_arena_crates,
          nicolae_gauntlet_arena_x, nicolae_gauntlet_arena_grate_2,
          minmay_gauntlet_arena_make_your_own_arena,
          dreamdust_gauntlet_exit_labyrinth]

Skill      XL: |  1  2  3  4  5  6  7  8  9 10 11 12 |
---------------+-------------------------------------+-----
Conjurations   | 1 2 3 |  3.0
Summonings     | 1 |  1.0
Translocations | 1 2 3 |  3.0
Dodging        | 2 3 4 5 6 |  6.3
Fighting       | 1 2 3 4 5 6 7 8 |  8.6
Spellcasting   | 4 5 6 7 8 |  8.1
Armour         | 1 2 3 4 5 6 7 |  7.0
Unarmed Combat | 1 |  1.0
Axes           | 1 2 4 6 |  6.6
Stealth        | 2 3 |  3.0
Air Magic      | 1 2 |  2.0
Poison Magic   | 1 2 |  2.0
Maces & Flails | 2 4 5 |  5.1
Ice Magic      | 1 2 3 4 |  4.4
Shields        | 3 4 6 7 |  7.9
Invocations    | 1 3 4 5 |  5.7

Action                     |  1- 3 |  4- 6 |  7- 9 | 10-12 || total
---------------------------+-------+-------+-------+-------++-------
  Melee: Spear             |   176 |       |       |       ||   176
         Punch             |     1 |     2 |     4 |     8 ||    15
         Trident           |     6 |   106 |   223 |       ||   335
         Eveningstar       |       |       |   210 |   236 ||   446
         Flail             |       |       |     8 |       ||     8
         War axe           |       |       |       |   539 ||   539
         Kick              |       |       |       |     7 ||     7
  Throw: Dart              |       |       |     7 |     5 ||    12
         Large rock        |       |       |       |     2 ||     2
   Cast: Call Imp          |     9 |     4 |     7 |       ||    20
         Mephitic Cloud    |       |     1 |    14 |    56 ||    71
         Blink             |       |       |     4 |    13 ||    17
         Magic Dart        |       |       |     1 |       ||     1
         Ozocubu's Armour  |       |       |     4 |     7 ||    11
 Invoke: Heroism           |       |       |     2 |     5 ||     7
         Finesse           |       |       |       |     1 ||     1
  Evoke: Wand              |       |       |     2 |     2 ||     4
    Use: Potion            |     1 |     1 |     2 |     9 ||    13
         Scroll            |       |     5 |     8 |    13 ||    26
   Stab: Sleeping          |     4 |     2 |     3 |     2 ||    11
         Distracted        |       |       |     2 |       ||     2
         Confused          |       |       |     3 |    18 ||    21
         Invisible         |       |       |       |     2 ||     2
 Armour: Robe              |    45 |       |       |       ||    45
         Swamp dragon scal |       |    19 |   249 |   489 ||   757
  Dodge: Dodged            |    87 |    30 |   211 |   483 ||   811

Table legend: (Time is in decaauts)
 A = Elapsed time spent in this place.
 B = Non-inter-level travel time spent in this place.
 C = Inter-level travel time spent in this place.
 D = Time resting spent in this place.
 E = Time spent auto-exploring this place.
 F = Levels seen in this place.
 G = Mean time per level.
                   A        B        C        D        E       F      G
               +--------+--------+--------+--------+--------+-----+--------+
         Total |  12969 |  12410 |    559 |   1568 |   5362 |  16 |  810.6 |
       Dungeon |   9266 |   8766 |    500 |    718 |   4496 |  11 |  842.4 |
        Temple |     29 |     29 |      0 |      0 |      0 |   1 |   29.0 |
          Lair |     44 |     44 |      0 |      0 |      0 |   1 |   44.0 |
  Orcish Mines |   3271 |   3213 |     58 |    775 |    866 |   2 | 1635.5 |
      Gauntlet |    356 |    356 |      0 |     75 |      0 |   1 |  356.0 |
               +--------+--------+--------+--------+--------+-----+--------+

Top non-repeatable levels by time:
   Orc:2: 1658 daAuts
   Orc:1: 1613 daAuts
     D:7: 1348 daAuts
     D:9: 1158 daAuts
     D:5: 1131 daAuts
     D:4: 1046 daAuts
     D:8: 861 daAuts
    D:10: 861 daAuts
     D:2: 830 daAuts
     D:6: 656 daAuts
     D:1: 641 daAuts
     D:3: 638 daAuts
Gauntlet: 356 daAuts
    D:11: 93 daAuts
  Lair:1: 44 daAuts
